Unix NetHack Version 5.0.0-0 post-release - last build May 17 2026 04:57:42 (dc50c8380fa5e20985bfe3072449f57b8d9895ef,branch:main).

Game began 2026-05-17 23:11:57, ended 2026-05-17 23:20:54.

ArrBianca, lawful female dwarven Archeologist

     ----------
    --....@d..|
    |....--r- -
    --...|  #
 -----..--
 |......|
 |.------
 |.|
 |.--
--..---
|.....|
|...|.|
----|.-----
    |.....--  ---
 -------...---..--
--...............-- --
|...........^........--
|.....................-
--.|..--..|<|..........|
 ----- ------------ | --

ArrBianca the Field Worker  St:13 Dx:8 Co:14 In:16 Wi:16 Ch:9  Lawful
Dlvl:5  $:119 HP:0(23) Pw:11(11) AC:4  Xp:3 T:1756  Burdened

Latest messages:
 The giant rat misses!
 You miss the giant rat.
 You miss the giant rat.
 The giant rat misses!
 The giant rat bites!
 You miss the giant rat.
 The giant rat misses!
 You lash the giant rat.
 The giant rat bites!
 You miss the giant rat.
 The giant rat bites!
 The giant rat bites!
 You kill the giant rat!
 You have a little trouble lifting Z - an effervescent potion.
 The giant rat bites!
 You kill the giant rat!
 You hear crashing rock.
 You destroy the kobold zombie!
 You see the cave spider hide under a corpse.
 Wait!  There's a cave spider hiding under a kobold corpse!
 The cave spider bites!
 The cave spider bites!
 You miss the cave spider.
 The cave spider just misses!
 You miss the cave spider.
 The cave spider bites!
 You miss the cave spider.
 The cave spider bites!
 The cave spider bites!
 You kill the cave spider!
 The little dog bites!
 You lash the little dog.
 The little dog bites!
 The little dog bites!
 The little dog misses!
 The little dog bites!
 What do you want to throw? [$jnop or ?*] ?
 What do you want to throw? [$jnop or ?*] *
 What do you want to throw? [$jnop or ?*] F
 In what direction? l
 The little dog seems more amiable.
 Your little dog devours a tripe ration.
 There is a kobold corpse here; eat it? [ynq] (n) y
 Ecch - that must have been poisonous!
 You hear the wailing of the Banshee...
 The rock mole bites!
 You die...
 Do you want an account of creatures vanquished? [ynaq] (y) a
 Do you want to see your conduct and achievements? [ynq] (n) n
 Do you want to see the dungeon overview? [ynq] (y) y

Inventory:
 Coins    ('$')
  $ - 119 gold pieces
 Weapons  (')')
  j - 10 +0 elven arrows
  n - a cursed +0 sling
  p - 5 blessed +1 darts (at the ready)
  o - a +0 dart
  a - a +2 bullwhip (weapon in right hand)
 Armor    ('[')
  c - an uncursed +0 fedora (being worn)
  V - an uncursed +0 pair of low boots
  I - a blessed +0 dwarvish mithril-coat (being worn)
  b - an uncursed +0 leather jacket
 Comestibles  ('%')
  d - 2 uncursed food rations
  l - 3 uncursed homemade tins of newt meat
  q - 2 uncursed tins of broiled kobold meat
 Scrolls  ('?')
  X - an uncursed scroll of blank paper
  W - a cursed scroll of blank paper
  C - an uncursed scroll of identify
  y - a cursed scroll of light
 Spellbooks  ('+')
  E - an uncursed spellbook of drain life
  k - an uncursed spellbook of healing
 Potions  ('!')
  M - an uncursed potion of booze
  Z - a cursed potion of confusion
  P - an uncursed potion of fruit juice
  K - an uncursed potion of gain ability
  r - a blessed potion of healing
  s - an uncursed potion of levitation
  D - an uncursed potion of see invisible
 Rings    ('=')
  x - an uncursed +1 ring of increase accuracy
  H - an uncursed ring of poison resistance
  G - an uncursed ring of regeneration
 Wands    ('/')
  m - a wand of make invisible (0:8)
  z - a wand of nothing (0:7)
 Tools    ('(')
  h - an uncursed sack containing 2 items
  N - a magic marker (0:87)
  e - a +0 pick-axe (alternate weapon; not wielded)
  f - a tinning kit (0:47)
 Gems/Stones  ('*')
  g - an uncursed touchstone
  T - 11 uncursed rocks

Contents of the sack:
  an uncursed black opal
  2 uncursed chrysoberyl stones

ArrBianca the Archeologist's attributes:

Background:
 You were a Field Worker, a level 3 female dwarven Archeologist.
 You were lawful, nominally on a mission for Quetzalcoatl
 who was opposed by Camaxtli (neutral) and Huhetotl (chaotic).
 You were right-handed.
 You were in the Gnomish Mines, on level 5.
 You entered the dungeon 1756 turns ago.
 It was nighttime.
 There was a new moon in effect when your adventure ended.
 You had 62 experience points, 18 more were needed to attain level 4.

Basics:
 You had 0 out of 23 hit points.
 You had all 11 energy points (spell power).
 Your armor class was 4.
 Your wallet contained 119 zorkmids.
 Autopickup was on for '$?!/="+%' plus thrown, with exceptions.

Final Characteristics:
 Your strength was 13 (peak:14, limit:18/100).
 Your dexterity was 8 (limit:20).
 Your constitution was 14 (limit:20).
 Your intelligence was 16 (limit:16).
 Your wisdom was 16 (limit:16).
 Your charisma was 9 (limit:16).

Final Status:
 You weren't hungry.
 You were burdened; movement was slightly slowed.
 You were wielding a whip.
 You had basic skill with whip.

Final Attributes:
 You were devoutly aligned.
 You were telepathic.
 You had automatic searching.
 You had infravision.
 You were guarded.
 You were lucky.
 You are dead.

Miscellaneous:
 You didn't encounter any bones levels.
 Total elapsed playing time was 8 minutes and 57 seconds.

Major events:
 Turn
    1: ArrBianca the lawful female dwarven Archeologist entered the dungeon
  907: entered the Gnomish Mines
 1452: attained the rank of Field Worker (level 3)
 1756: killed by a rock mole

You didn't know any spells.

Skills:
 Fighting Skills
   bare handed combat [Unskilled]
   two weapon combat  [Unskilled]
   riding             [Unskilled]
 Weapon Skills
   dagger             [Unskilled]
   knife              [Unskilled]
   pick-axe           [Basic]
   short sword        [Unskilled]
   saber              [Unskilled]
   club               [Unskilled]
   quarterstaff       [Unskilled]
   sling              [Unskilled]
   dart               [Unskilled]
   boomerang          [Unskilled]
   whip               [Basic]
   unicorn horn       [Unskilled]
 Spellcasting Skills
   attack spells      [Unskilled]
   healing spells     [Unskilled]
   divination spells  [Unskilled]
   matter spells      [Unskilled]

Voluntary challenges:
 Character rerolling was not enabled.
 You were an atheist.
 You never genocided any monsters.
 You never polymorphed an object.
 You never changed form.
 You used no wishes.
Achievements:
 You entered the Gnomish Mines.
 You attained the rank of Field Worker.

 The Dungeons of Doom: levels 1 to 2
    Level 1:
    Level 2:
       Stairs down to The Gnomish Mines.
 The Gnomish Mines: levels 3 to 5
    Level 3:
    Level 4:
    Level 5: <- You were here.
       Final resting place for
          you, killed by a rock mole.


Vanquished creatures:
  a paper golem
  a floating eye
  2 iguanas
  2 giant rats
  a cave spider
  a gnome zombie
  2 geckos
  3 jackals
  a kobold
  a goblin
  a sewer rat
  5 grid bugs
  a lichen
  4 kobold zombies
  6 newts
32 creatures vanquished.

No species were genocided or became extinct.

Game over:
                       ----------
                      /          \
                     /    REST    \
                    /      IN      \
                   /     PEACE      \
                  /                  \
                  |    ArrBianca     |
                  |      119 Au      |
                  | killed by a rock |
                  |       mole       |
                  |                  |
                  |                  |
                  |       2026       |
                 *|     *  *  *      | *
        _________)/\\_//(\/(/\)/\//\/|_)_______

Goodbye ArrBianca the Archeologist...

You died in The Gnomish Mines on dungeon level 5 with 556 points,
and 119 pieces of gold, after 1756 moves.
You were level 3 with a maximum of 23 hit points when you died.

